 Dungeon Crawl Stone Soup version 0.31-a0-981-geadf994542 (webtiles) character file.

Game seed: 9719489902513237151

714 jestert79 the Ruffian (level 7, -3/51 HPs)
             Began as a Demigod Shapeshifter on Nov 1, 2023.
             Slain by a wyvern (15 damage)
             ... on level 5 of the Dungeon.
             The game lasted 00:11:37 (4748 turns).

jestert79 the Ruffian (Demigod Shapeshifter)        Turns: 4748, Time: 00:11:38

Health: -3/51      AC:  3    Str: 23    XL:     7   Next: 18%
Magic:  9/9        EV: 12    Int: 12    God:
Gold:   215        SH:  0    Dex: 13    Spells: 6/6 levels left

rFire   . .          .
                       - Unarmed
rCold   . . .        (no shield)
rNeg    + . .        h - +1 robe {rN+}
rPois   .            (helmet currently unavailable)
rElec   .            (cloak currently unavailable)
rCorr   .            (gloves currently unavailable)
SInv    .            (boots currently unavailable)
Will    .....        (no amulet)
Stlth   +            (no ring)
HPRegen 0.28/turn    (no ring)
MPRegen 0.11/turn

%: no passive effects
@: beast-form
A: beast (slay +3), high MP 1, forlorn, divine attributes
a: Begin Untransformation


You were on level 5 of the Dungeon.
You were a hulking beast.
You visited 1 branch of the dungeon, and saw 5 of its levels.

You collected 215 gold pieces.

Inventory:

Hand Weapons
 B - the +6 battleaxe of the Endless March {spect, *Corrode Will+ Dex+4}
   (You found it on level 5 of the Dungeon)

   Dex+4:     It affects your dexterity (+4).
   Will+:     It increases your willpower.
   *Corrode:  It may corrode you when you take damage.
Missiles
 f - 53 stones
 k - 2 poisoned darts (quivered)
 p - 5 atropa-tipped darts
Armour
 h - a +1 robe of positive energy (worn)
 i - a +2 helmet
Jewellery
 s - a ring of fire
Talismans
 c - a beast talisman
 d - a flux talisman
Scrolls
 g - 4 scrolls of enchant weapon {unknown}
 l - a scroll of poison {unknown}
 n - 4 scrolls of identify {unknown}
 o - a scroll of butterflies {unknown}
 q - a scroll of teleportation {unknown}
 r - 2 scrolls of fear {unknown}
 t - a scroll of brand weapon {unknown}
 x - a scroll of enchant armour {unknown}
 y - 2 scrolls of noise {unknown}
Potions
 a - a potion of might
 b - 2 potions of lignification
 e - a potion of berserk rage {unknown}
 j - 3 potions of brilliance
 m - 2 potions of degeneration {unknown}
 u - a potion of magic
 v - a potion of mutation {unknown}
 w - a potion of resistance {unknown}
 z - a potion of attraction {unknown}
 A - a potion of heal wounds


   Skills:
 - Level 0.8 Fighting
 - Level 1.7 Dodging
 + Level 5.9 Unarmed Combat
 + Level 5.5 Shapeshifting


You had 6 spell levels left.
You didn't know any spells.
Your spell library contained the following spells:

 Spells                   Type           Power      Damage    Failure   Level
 Cigotuvi's Dreadful Rot  Necr/Pois/Air  0%         N/A       45%         2
 Ignite Poison            Fire/Tmut/Pois 0%         N/A       69%         3
 Freezing Cloud           Conj/Ice/Air   0%         6-21      100%        5


Dungeon Overview and Level Annotations

Branches:
Dungeon (5/15)             Temple (0/1) D:5

Shops:
D:5 *


Innate Abilities, Weirdness & Mutations

You are a hulking beast.
Your limbs bulge with bestial killing power. (Slay +3)
You have an increased reservoir of magic. (+10% MP)
You shall have no god before yourself.
Your divine heritage dramatically boosts your attributes as you level up.


Message History

The centaur hits you.
* * * LOW HITPOINT WARNING * * *
The centaur kicks you but does no damage.
You closely miss the centaur.
The centaur is heavily wounded.
The centaur closely misses you. The centaur kicks you.
* * * LOW HITPOINT WARNING * * *
You punch the centaur!
The centaur is almost dead.
The centaur barely misses you. The centaur completely misses you.
The centaur hits you.
* * * LOW HITPOINT WARNING * * *
The centaur kicks you but does no damage.
Unknown command.
You hit the centaur but do no damage.
The centaur is almost dead.
The centaur misses you.
The centaur kicks you but does no damage.
You punch the centaur!
You kill the centaur!
It was a potion of heal wounds.
You feel much better. The wyvern closely misses you. x2
You hit the wyvern. Your punch misses the wyvern.
The wyvern is lightly wounded.
The wyvern bites you but does no damage.
You hit the wyvern.
The wyvern is moderately wounded.
The wyvern bites you!
* * * LOW HITPOINT WARNING * * *
You closely miss the wyvern.
The wyvern is moderately wounded.
The wyvern barely misses you. The wyvern bites you.
* * * LOW HITPOINT WARNING * * *
You hit the wyvern but do no damage. You punch the wyvern!
The wyvern is heavily wounded.
The wyvern barely misses you.
You hit the wyvern.
The wyvern is severely wounded.
The wyvern bites you!
You die...

#.#......##########.#
#.......##..........#
#.......#..##.#.#.### ..#...###
#.###### ......# ##.#.#.# ......#
##.#.## ##### ......# ####.#
#.... ......# #.## ########.(..
##....# #h/# #...[..##...
.#########.....l.#####......#....
#.#...##.#########...##.....#....
#.#..................#......#....
##.#.................'......'....
####.................#......#....
.................>...#########...
##....##......##.....##.....#####
##....##......##'######......#...


You could see a wyvern.

Vanquished Creatures
  2 ogres (D:5)
  2 centaurs (D:5)
  A hound (D:4)
  2 orc priests (D:3)
  Jessica (D:3)
  2 iguanas (D:5)
  2 orc wizards
  Robin (D:3)
  4 adders
  A white imp (D:5)
  A worm (D:2)
  3 dart slugs
  6 orcs
  6 ball pythons
  8 endoplasms
  4 giant cockroaches
  13 goblins
  11 hobgoblins
  8 jackals
  5 kobolds
  2 quokkas
  5 bats
  5 frilled lizards
  2 rats
97 creatures vanquished.

Notes
Turn   | Place    | Note
-------+----------+-------------------------------------------
     0 | D:1      | jestert79 the Demigod Shapeshifter began the quest for the
                  | Orb.
     0 | D:1      | Reached XP level 1. HP: 15/15 MP: 3/3
   268 | D:1      | Reached XP level 2. HP: 22/22 MP: 4/4
  1027 | D:2      | Reached XP level 3. HP: 24/27 MP: 5/5
  1819 | D:3      | Reached XP level 4. HP: 9/34 MP: 6/6
  2469 | D:3      | Noticed Robin
  2496 | D:3      | Killed Robin
  2505 | D:3      | Reached XP level 5. HP: 8/39 MP: 7/7
  2922 | D:3      | Noticed an ice beast
  2955 | D:3      | Noticed Jessica
  2962 | D:3      | Killed Jessica
  3885 | D:5      | Entered Level 5 of the Dungeon
  4015 | D:5      | Identified the +6 battleaxe of the Endless March {spect,
                  | *Corrode Will+ Dex+4}
  4034 | D:5      | Reached XP level 6. HP: 39/46 MP: 8/8
  4086 | D:5      | Reached skill level 5 in Unarmed Combat
  4191 | D:5      | Reached skill level 5 in Shapeshifting
  4459 | D:5      | Found Qauzem's Lightly-Used Armoury.
  4591 | D:5      | Found a staircase to the Ecumenical Temple.
  4626 | D:5      | Reached XP level 7. HP: 38/51 MP: 9/9
  4735 | D:5      | Noticed a wyvern
  4748 | D:5      | Slain by a wyvern

Illustrated notes

Levels and vault maps discovered:
D:1:      ebering_trefoil_twist, layout_loops_ring,
          hellmonk_ecumenical_altar_leap_of_faith
D:2:      layout_basic, basic_altar, guppyfry_early_lair_pool
D:3:      layout_basic, tgw_trog, kennysheep_potato, uniq_jessica, uniq_ijyb,
          uniq_robin
D:4:      layout_basic, serial_curves, eino_curves_04, eino_curves_04
D:5:      layout_gridville, minmay_temple_entry_arrows, minmay_shop_damaged,
          hex_medium, grunt_decor_resistance, fountainhead, minmay_small_thing

Skill      XL: |  1  2  3  4  5  6 |
---------------+-------------------+-----
Unarmed Combat | 3 4 5 |  5.9
Shapeshifting  | 3 4 5 |  5.5
Fighting       | |  0.8
Dodging        | |  1.7

Action                     |  1- 3 |  4- 6 |  7- 9 || total
---------------------------+-------+-------+-------++-------
  Melee: Unarmed           |   145 |   195 |    12 ||   352
         Punch             |     2 |     3 |     1 ||     6
  Throw: Dart              |       |     6 |       ||     6
    Use: Potion            |       |     5 |     1 ||     6
   Stab: Sleeping          |       |     1 |       ||     1
 Armour: Animal skin       |    68 |    55 |       ||   123
         Robe              |       |    47 |    16 ||    63
  Dodge: Dodged            |    78 |   124 |    13 ||   215

Table legend: (Time is in decaauts)
 A = Elapsed time spent in this place.
 B = Non-inter-level travel time spent in this place.
 C = Inter-level travel time spent in this place.
 D = Time resting spent in this place.
 E = Time spent auto-exploring this place.
 F = Levels seen in this place.
 G = Mean time per level.
                   A        B        C        D        E       F      G
               +--------+--------+--------+--------+--------+-----+--------+
         Total |   4708 |   4581 |    127 |    995 |   2547 |   5 |  941.6 |
       Dungeon |   4708 |   4581 |    127 |    995 |   2547 |   5 |  941.6 |
               +--------+--------+--------+--------+--------+-----+--------+

Top non-repeatable levels by time:
     D:3: 1243 daAuts
     D:2: 941 daAuts
     D:4: 892 daAuts
     D:5: 856 daAuts
     D:1: 775 daAuts
